 Dungeon Crawl Stone Soup version 0.25-a0-1007-g10a8c3caa8 (webtiles) character file.

Game seed: 13045676590576008971, levelgen mode: deterministic

514 wullow the Skirmisher (level 7, 0/55 HPs)
             Began as a Human Fighter on May 11, 2020.
             Hit by a boomerang thrown by an orc (5 damage)
             ... on level 4 of the Dungeon.
             The game lasted 00:07:14 (3851 turns).

wullow the Skirmisher (Human Fighter)               Turns: 3851, Time: 00:07:15

Health: 0/55       AC: 12    Str: 18    XL:     7   Next: 44%
Magic:  7/7        EV:  8    Int:  8    God:
Gold:   257        SH:  9    Dex: 13    Spells: 6/6 levels left

rFire    . . .     SeeInvis .   a - +1 long sword
rCold    . . .     Gourm    .   c - +0 kite shield
rNeg     . . .     Faith    .   D - +0 ring mail
rPois    .         Spirit   .   z - +1 helmet
rElec    .         Reflect  .   F - +0 cloak
rCorr    .         Harm     .   E - +0 pair of gloves
MR       .....                  l - +1 pair of boots
Stlth    +.........             (no amulet)
HPRegen  0.18/turn              (no ring)
MPRegen  0.10/turn              (no ring)

@: slowed, very slow
A: no striking features
a: no special abilities


You were on level 4 of the Dungeon.
You were hungry.

You visited 1 branch of the dungeon, and saw 4 of its levels.

You collected 257 gold pieces.

Inventory:

Hand Weapons
 a - a +1 long sword (weapon)
 p - a +0 dagger
Missiles
 e - 32 sling bullets
 h - 315 stones (quivered)
 i - 2 silver javelins
 n - 18 arrows
 y - 2 javelins
Armour
 b - a +0 scale mail
 c - a +0 kite shield (worn)
 l - a +1 pair of boots (worn)
 z - a +1 helmet (worn)
 D - a +0 ring mail (worn)
 E - a +0 pair of gloves (worn)
 F - a +0 cloak (worn)
Jewellery
 u - an uncursed ring of stealth {unknown}
 A - a cursed ring of teleportation {unknown}
 C - a cursed amulet of inaccuracy {unknown}
Wands
 r - a wand of flame (13)
Scrolls
 m - 4 scrolls of identify
Potions
 d - 3 potions of might
 g - 2 potions of brilliance
 o - 4 potions of degeneration {unknown}
 q - a potion of stabbing {unknown}
 s - a potion of curing
 v - 2 potions of flight {unknown}
 w - a potion of invisibility {unknown}
Comestibles
 f - 4 rations
 G - 2 chunks of flesh


   Skills:
 * Level 4.7 Fighting
 * Level 4.1 Long Blades
 * Level 4.7 Armour
 * Level 4.7 Shields


You had 6 spell levels left.
You didn't know any spells.
Your spell library was empty.

Dungeon Overview and Level Annotations

Branches:
Dungeon (4/15)
 Temple: D:4-7

Altars:
Ashenzari


Message History

* * * LOW HITPOINT WARNING * * *
Unknown command.
You hit the orc warrior.
You kill the orc warrior!
Your Long Blades skill increases to level 4!
The orc throws a boomerang.
The boomerang closely misses you.
The weapon returns to the orc!
Something hits you but does no damage.
Your shield and ring mail prevent you from hitting something.
Something hits you but does no damage.
The orc throws a boomerang.
The boomerang barely misses you.
The weapon returns to the orc!
You block the orc wizard's attack. Something hits you but does no damage.
The orc throws a boomerang.
The boomerang hits you.
* * * LOW HITPOINT WARNING * * *
The weapon returns to the orc!
You hit the orc wizard.
The orc wizard is lightly wounded.
The orc wizard points at you and mumbles some strange words.
You feel yourself slow down. You block something's attack.
The orc throws a boomerang.
The boomerang hits you.
You die...

#.. #.# #.#
#.# # #ยง#
)# #.######
#.#
#....<.#
#.#
######.##.#
#.o@#
####)# #.#
o.# ##


You could see an orc wizard and an orc.

Vanquished Creatures
  An orc warrior (D:4)
  2 big kobolds (D:3)
  A hound (D:3)
  Crazy Yiuf (D:3)
  An iguana (D:4)
  Robin (D:3)
  3 gnolls (D:3)
  An adder (D:2)
  An ooze (D:1)
  A worm (D:2)
  3 dart slugs
  3 leopard geckos
  An orc (D:3)
  4 ball pythons
  9 bats
  3 giant cockroaches
  12 hobgoblins
  3 jackals (D:1)
  41 kobolds
  5 frilled lizards
  17 goblins
  10 rats
124 creatures vanquished.

Notes
Turn   | Place    | Note
-------+----------+-------------------------------------------
     0 | D:1      | wullow the Human Fighter began the quest for the Orb.
     0 | D:1      | Reached XP level 1. HP: 18/18 MP: 1/1
   188 | D:1      | Reached XP level 2. HP: 22/24 MP: 2/2
   429 | D:1      | Reached XP level 3. HP: 20/29 MP: 3/3
  1167 | D:2      | Reached XP level 4. HP: 33/35 MP: 4/4
  1319 | D:2      | Found a shattered altar of Ashenzari.
  1825 | D:3      | Found a faded altar of an unknown god.
  1978 | D:3      | Reached XP level 5. HP: 30/42 MP: 5/5
  2449 | D:3      | Noticed Robin
  2499 | D:3      | Killed Robin
  2741 | D:3      | Noticed a big kobold
  2774 | D:3      | Killed a big kobold
  2774 | D:3      | Reached XP level 6. HP: 34/48 MP: 6/6
  3103 | D:3      | Reached XP level 7. HP: 17/55 MP: 7/7
  3477 | D:3      | Found a runed translucent door.
  3478 | D:3      | Noticed Crazy Yiuf
  3485 | D:3      | Killed Crazy Yiuf
  3851 | D:4      | Hit by a boomerang thrown by an orc

Illustrated notes

Levels and vault maps discovered:
D:1:      tarquinn_simple_flora_water_b, layout_basic
D:2:      layout_rooms, evilmike_ruin_ashenzari
D:3:      minmay_goblin_kobold_castle, layout_basic,
          chequers_ecumenical_altar_grove, uniq_robin, uniq_crazy_yiuf_cottage
D:4:      layout_loops_ring, first_ration, uniq_natasha, uniq_grinder,
          uniq_pikel

Skill      XL: |  1  2  3  4  5  6  7 |
---------------+----------------------+-----
Long Blades    | 3 4 |  4.1
Fighting       | 4 |  4.7
Armour         | 4 |  4.7
Shields        | 4 |  4.7

Action                   |  1- 3 |  4- 6 |  7- 9 || total
-------------------------+-------+-------+-------++-------
Melee: Long sword        |   108 |   299 |    31 ||   438
  Use: Scroll            |       |       |     6 ||     6
  Eat: Chunk             |     1 |     6 |     3 ||    10
Armor: Scale mail        |    65 |   225 |       ||   290
       Ring mail         |       |       |     8 ||     8
Dodge: Dodged            |    41 |   118 |     9 ||   168
Block: Kite shield       |    61 |   252 |    10 ||   323
       Rpst.: Long sword |    15 |    29 |     4 ||    48

Table legend:
 A = Non-vault XP
 B = Vault XP
 C = Vault XP percentage of total XP
 D = Non-vault monster count
 E = Vault monster count
 F = Vault count percentage of total count
                 A         B        C        D         E       F
            +---------+---------+-------+---------+---------+-------
      Total |     353 |     382 |  52.0 |      67 |      57 |  46.0
            +---------+---------+-------+---------+---------+-------
        D:1 |      56 |       0 |   0.0 |      29 |       0 |   0.0
        D:2 |      52 |       0 |   0.0 |      21 |       0 |   0.0
        D:3 |      71 |     382 |  84.3 |      14 |      57 |  80.3
        D:4 |     174 |       0 |   0.0 |       3 |       0 |   0.0
            +---------+---------+-------+---------+---------+-------
